AoeStats
← Kiliethink

Arabia

508393686Analyzed
1v1 RM · 10d ago on Sep 22, 2026· 39m 50s· 2 players
Game mode
Random Map
Map size
Tiny (2 player)
Population
200
Speed
Normal
Resources
Standard
Victory
Conquest
Starting age
Dark Age
Ending age
Imperial Age
RankedLock teamsTeams togetherTeam positionsShared explorationLock speedFull tech treeHidden civsTurbo modeCheats
Victory
Defeat
🇩🇪 Persians · Germany
1475
+17
🇺🇸 Ethiopians · United States
1504
-17
Kiliethink
7:13 Loom
9:20 Feudal Age
9:55 Double-Bit Axe
15:28 Scale Barding Armor
22:19 Castle Age
20:42 Bloodlines
20:39 Gold Mining
21:18 Forging
23:18 Bow Saw
23:44 Husbandry
30:42 Chain Barding Armor
31:35 Iron Casting
33:33 Fletching
40:09 Imperial Age
MattyP
7:22 Loom
9:36 Feudal Age
10:44 Double-Bit Axe
11:35 Horse Collar
15:08 Fletching
18:42 Wheelbarrow
19:15 Wheelbarrow
22:29 Castle Age
20:59 Town Watch
23:30 Bow Saw
23:21 Heavy Plow
22:50 Crossbowman
23:39 Bodkin Arrow
29:30 Squires
33:36 Hand Cart
37:54 Imperial Age
36:27 Scale Mail Armor
36:38 Forging
Connection lost

Rejoining the realm…

Still unreachable

The connection could not be restored.

Session expired

The server has moved on; the page needs a fresh start.